SAAA
PAWNEE PARKSNREC @ FLORIDA MEN
08/11/2041
 
TOP OF THE 1ST
Pawnee ParksNRec batting - Pitching for Florida Men : LHP Raúl Hinojosa
Pitching: LHP Raúl Hinojosa
Batting: RHB Hiroshige Ohashi 0-0: Called Strike
0-1: Ball
1-1: Ground out 5-3 (Groundball, 56S, EV 83.8 MPH)
Batting: RHB Ken Bone 0-0: Foul Ball, location: 2F
0-1: Swinging Strike
0-2: Strikes out looking
Batting: RHB Peni Ferede 0-0: Fly out, F6 (Line Drive, 6, EV 68.1 MPH)
Top of the 1st over - 0 runs, 0 hits, 0 errors, 0 left on base; Pawnee 0 - Florida 0
BOTTOM OF THE 1ST
Florida Men batting - Pitching for Pawnee ParksNRec : LHP Markus Jutzi
Pitching: LHP Markus Jutzi
Batting: RHB Matsudaira Sugahara 0-0: Ball
1-0: Called Strike
1-1: SINGLE (Line Drive, 34D, EV 100.6 MPH)
Batting: LHB Jim Halpert 0-0: Ball
1-0: Foul Ball, location: 2F
1-1: Ball
2-1: Ball
3-1: Called Strike
3-2: Reached on error, E1 (Groundball, 13, EV 88.8 MPH)
Matsudaira Sugahara to second
Batting: RHB Juan Barrón 0-0: Ball
1-0: Foul Ball, location: 2F
1-1: Ball
2-1: Swinging Strike
2-2: Foul Ball, location: 2F
2-2: Ball
3-2: Fly out, F9 (Line Drive, 9, EV 101.2 MPH)
Batting: RHB Tristan Eikelenboom 0-0: Called Strike
0-1: Called Strike
0-2: Ball
1-2: Ball
2-2: Ball
3-2: SINGLE (Line Drive, 7S, EV 105.6 MPH)
Matsudaira Sugahara to third
Jim Halpert to second
Runner from 3rd tries for Home, SAFE, throw by LF to home
Batting: LHB Badry Maksimenov 0-0: Swinging Strike
0-1: Ball
1-1: Ball
2-1: Swinging Strike
2-2: Strikes out swinging
Batting: RHB Pellervo Rintanen 0-0: Ball
1-0: SINGLE (Line Drive, 78M, EV 105.6 MPH)
Jim Halpert to third
Tristan Eikelenboom to second
Runner from 3rd tries for Home, SAFE, throw by LF to home
Batting: LHB Duncan Witteman 0-0: Ball
1-0: Foul Ball, location: 2F
1-1: SINGLE (Groundball, 4D, EV 104.4 MPH)
Tristan Eikelenboom to third
Pellervo Rintanen to second
Runner from 3rd tries for Home, SAFE, no throw by CF
Batting: LHB Ed Holte 0-0: Ball
1-0: Called Strike
1-1: Foul Ball, location: 2F
1-2: Fly out, F6 (Line Drive, 6, EV 72.5 MPH)
Bottom of the 1st over - 3 runs, 4 hits, 1 error, 2 left on base; Pawnee 0 - Florida 3
TOP OF THE 2ND
Pawnee ParksNRec batting - Pitching for Florida Men : LHP Raúl Hinojosa
Batting: RHB Josh Mawdesley 0-0: Ball
1-0: Ground out 5-3 (Groundball, 56, EV 83.8 MPH)
Batting: LHB Buddy Patton 0-0: SINGLE (Groundball, 4D, EV 106.2 MPH)
Batting: RHB Igme Padoga 0-0: Called Strike
0-1: Called Strike
0-2: Ball
1-2: Strikes out looking
Batting: RHB Charles Atkinson 0-0: Ball
1-0: Called Strike
1-1: Ball
2-1: Swinging Strike
2-2: Ball
3-2: Base on Balls
Buddy Patton to second
Batting: RHB Germán Pérez 0-0: Ball
1-0: Ground out 5-3 (Groundball, 56, EV 85.0 MPH)
Top of the 2nd over - 0 runs, 1 hit, 0 errors, 2 left on base; Pawnee 0 - Florida 3
BOTTOM OF THE 2ND
Florida Men batting - Pitching for Pawnee ParksNRec : LHP Markus Jutzi
Batting: LHB Peter Metellus 0-0: Fly out, F7 (Line Drive, 7, EV 88.1 MPH)
Batting: RHB Matsudaira Sugahara 0-0: Foul Ball, location: 2F
0-1: Ball
1-1: Ground out 6-3 (Groundball, 6M, EV 76.9 MPH)
Batting: LHB Jim Halpert 0-0: Called Strike
0-1: Ball
1-1: Fly out, F7 (Flyball, 78M, EV 81.9 MPH)
Bottom of the 2nd over - 0 runs, 0 hits, 0 errors, 0 left on base; Pawnee 0 - Florida 3
TOP OF THE 3RD
Pawnee ParksNRec batting - Pitching for Florida Men : LHP Raúl Hinojosa
Batting: RHB Ashton Bailey 0-0: Called Strike
0-1: Foul Ball, location: 2F
0-2: Foul Ball, location: 2F
0-2: Ground out 6-3 (Groundball, 6, EV 88.8 MPH)
Batting: RHB Hiroshige Ohashi 0-0: Ball
1-0: Called Strike
1-1: Foul Ball, location: 2F
1-2: Strikes out swinging
Batting: RHB Ken Bone 0-0: Ball
1-0: Ball
2-0: Ball
3-0: Base on Balls
Batting: RHB Peni Ferede 0-0: Ball
1-0: Swinging Strike
1-1: Ball
2-1: DOUBLE (Flyball, 8RXD, EV 108.8 MPH)
Ken Bone to third
Batting: RHB Josh Mawdesley 0-0: Ball
1-0: Ball
2-0: Ground out 4-3 (Groundball, 4, EV 87.5 MPH)
Top of the 3rd over - 0 runs, 1 hit, 0 errors, 2 left on base; Pawnee 0 - Florida 3
BOTTOM OF THE 3RD
Florida Men batting - Pitching for Pawnee ParksNRec : LHP Markus Jutzi
Batting: RHB Juan Barrón 0-0: Ground out 4-3 (Groundball, 4S, EV 83.8 MPH)
Batting: RHB Tristan Eikelenboom 0-0: Ball
1-0: Fly out, F8 (Line Drive, 8RM, EV 91.2 MPH)
Batting: LHB Badry Maksimenov 0-0: Ball
1-0: Ball
2-0: Foul Ball, location: 2F
2-1: Fly out, F8 (Flyball, 8RM, EV 93.8 MPH)
Bottom of the 3rd over - 0 runs, 0 hits, 0 errors, 0 left on base; Pawnee 0 - Florida 3
TOP OF THE 4TH
Pawnee ParksNRec batting - Pitching for Florida Men : LHP Raúl Hinojosa
Batting: LHB Buddy Patton 0-0: Ball
1-0: Ball
2-0: Called Strike
2-1: Called Strike
2-2: Foul Ball, location: 2F
2-2: Ground out U3 (Groundball, 34, EV 94.4 MPH)
Batting: RHB Igme Padoga 0-0: Called Strike
0-1: Ball
1-1: Ground out 4-3 (Groundball, 4, EV 82.5 MPH)
Batting: RHB Charles Atkinson 0-0: Ball
1-0: Ball
2-0: Swinging Strike
2-1: Ball
3-1: Ground out 6-3 (Groundball, 6, EV 79.4 MPH)
Top of the 4th over - 0 runs, 0 hits, 0 errors, 0 left on base; Pawnee 0 - Florida 3
BOTTOM OF THE 4TH
Florida Men batting - Pitching for Pawnee ParksNRec : LHP Markus Jutzi
Batting: RHB Pellervo Rintanen 0-0: Foul Ball, location: 2F
0-1: Ball
1-1: Called Strike
1-2: Strikes out swinging
Batting: LHB Duncan Witteman 0-0: Ball
1-0: Foul Ball, location: 2F
1-1: Foul Ball, location: 2F
1-2: Strikes out swinging
Batting: LHB Ed Holte 0-0: Called Strike
0-1: Ball
1-1: Ball
2-1: Ball
3-1: Ground out 6-3 (Groundball, 6, EV 89.4 MPH)
Bottom of the 4th over - 0 runs, 0 hits, 0 errors, 0 left on base; Pawnee 0 - Florida 3
TOP OF THE 5TH
Pawnee ParksNRec batting - Pitching for Florida Men : LHP Raúl Hinojosa
Batting: RHB Germán Pérez 0-0: Called Strike
0-1: Foul Ball, location: 2F
0-2: Ball
1-2: SINGLE (Line Drive, 78S, EV 105.0 MPH)
Batting: RHB Ashton Bailey 0-0: Foul Ball, location: 2F
0-1: Ball
1-1: Called Strike
1-2: Ball
2-2: Ball
3-2: Foul Ball, location: 2F
3-2: Foul Ball, location: 2F
3-2: Foul Ball, location: 2F
3-2: SINGLE (Groundball, 6D, EV 105.6 MPH)
Germán Pérez to second
Batting: RHB Hiroshige Ohashi 0-0: Called Strike
0-1: Foul Ball, location: 2F
0-2: Ball
1-2: Grounds into double play, 6-4-3 (Groundball, 6, EV 99.4 MPH)
Germán Pérez to third
Batting: RHB Ken Bone 0-0: Swinging Strike
0-1: Called Strike
0-2: Ball
1-2: Ball
2-2: SINGLE (Groundball, 34D, EV 107.5 MPH)
Germán Pérez scores
Batting: RHB Peni Ferede 0-0: Called Strike
0-1: Ball
1-1: Swinging Strike
1-2: Foul Ball, location: 2F
1-2: Strikes out looking
Top of the 5th over - 1 run, 3 hits, 0 errors, 1 left on base; Pawnee 1 - Florida 3
BOTTOM OF THE 5TH
Florida Men batting - Pitching for Pawnee ParksNRec : LHP Markus Jutzi
Batting: LHB Peter Metellus 0-0: Called Strike
0-1: Called Strike
0-2: Reached on error, E2 (Groundball, 2L, EV 64.4 MPH)
Batting: RHB Matsudaira Sugahara 0-0: Ball
1-0: Ball
2-0: Called Strike
2-1: SINGLE (Line Drive, 4D, EV 110.6 MPH)
Peter Metellus to second
Batting: LHB Jim Halpert 0-0: Ball
1-0: Ball
2-0: Swinging Strike
2-1: Ball
3-1: SINGLE (Groundball, 4S, EV 74.4 MPH) (infield hit)
Peter Metellus to third
Matsudaira Sugahara to second
Batting: RHB Juan Barrón 0-0: Fly out, F7 (Flyball, 7LS, EV 91.9 MPH)
Batting: RHB Tristan Eikelenboom 0-0: Called Strike
0-1: Ball
1-1: Foul Ball, location: 2F
1-2: Ball
2-2: SINGLE (Groundball, 6D, EV 94.4 MPH)
Peter Metellus scores
Matsudaira Sugahara to third
Jim Halpert to second
Runner from 3rd tries for Home, SAFE, throw by LF to home
Batting: LHB Badry Maksimenov 0-0: Foul Ball, location: 2F
0-1: Ball
1-1: Foul Ball, location: 2F
1-2: Fielders Choice at 2nd, 6-4 (Groundball, 6, EV 91.9 MPH)
Jim Halpert to third
Batting: RHB Pellervo Rintanen 0-0: Ball
1-0: Fly out, F7 (Flyball, 78D, EV 98.1 MPH)
Bottom of the 5th over - 2 runs, 3 hits, 1 error, 2 left on base; Pawnee 1 - Florida 5
TOP OF THE 6TH
Pawnee ParksNRec batting - Pitching for Florida Men : LHP Raúl Hinojosa
Batting: RHB Josh Mawdesley 0-0: Swinging Strike
0-1: Called Strike
0-2: Ball
1-2: Ball
2-2: Ball
3-2: Strikes out looking
Batting: LHB Buddy Patton 0-0: Ball
1-0: Ball
2-0: Ball
3-0: Base on Balls
Batting: RHB Igme Padoga 0-0: SINGLE (Groundball, 56D, EV 94.4 MPH)
Buddy Patton to second
Batting: RHB Charles Atkinson 0-0: Ball
1-0: Fly out, F8 (Flyball, 8LXD, EV 100.0 MPH)
Runner from 2nd tags up, SAFE at 3rd, no throw by CF
Batting: RHB Germán Pérez 0-0: Called Strike
0-1: Foul Ball, location: 2F
0-2: Ball
1-2: Ball
2-2: Ball
3-2: Foul Ball, location: 2F
3-2: Ground out 1-3 (Groundball, P, EV 93.8 MPH)
Top of the 6th over - 0 runs, 1 hit, 0 errors, 2 left on base; Pawnee 1 - Florida 5
BOTTOM OF THE 6TH
Florida Men batting - Pitching for Pawnee ParksNRec : LHP Markus Jutzi
Batting: LHB Duncan Witteman 0-0: Called Strike
0-1: Foul Ball, location: 2F
0-2: Fly out, F8 (Flyball, 78M, EV 81.9 MPH)
Batting: LHB Ed Holte 0-0: Ball
1-0: Ground out 1-3 (Groundball, 34S, EV 84.4 MPH)
Batting: LHB Peter Metellus 0-0: Ball
1-0: Foul Ball, location: 2F
1-1: Ball
2-1: Foul Ball, location: 2F
2-2: Foul Ball, location: 2F
2-2: Strikes out swinging
Bottom of the 6th over - 0 runs, 0 hits, 0 errors, 0 left on base; Pawnee 1 - Florida 5
TOP OF THE 7TH
Pawnee ParksNRec batting - Pitching for Florida Men : LHP Raúl Hinojosa
Batting: RHB Ashton Bailey 0-0: Called Strike
0-1: Swinging Strike
0-2: Strikes out swinging
Pitching: RHP José Barquero
Batting: RHB Hiroshige Ohashi 0-0: DOUBLE (Line Drive, 9LM, EV 103.1 MPH)
Batting: RHB Ken Bone 0-0: Ball
Hiroshige Ohashi steals 3rd base
1-0: Ground out 4-3 (Groundball, 4, EV 100.0 MPH)
Hiroshige Ohashi scores
Batting: RHB Peni Ferede 0-0: Ball
1-0: Ball
2-0: Foul Ball, location: 2F
2-1: Called Strike
2-2: DOUBLE (Groundball, 5L, EV 103.8 MPH)
Batting: RHB Josh Mawdesley 0-0: Called Strike
0-1: Foul Ball, location: 2F
0-2: Ball
1-2: Foul Ball, location: 2F
1-2: SINGLE (Groundball, 6MD, EV 101.9 MPH)
Peni Ferede to third
Runner from 3rd tries for Home, SAFE, no throw by CF
Batting: LHB Buddy Patton 0-0: Ball
1-0: Fly out, F7 (Flyball, 7LD, EV 97.5 MPH)
Top of the 7th over - 2 runs, 3 hits, 0 errors, 1 left on base; Pawnee 3 - Florida 5
BOTTOM OF THE 7TH
Florida Men batting - Pitching for Pawnee ParksNRec : LHP Markus Jutzi
Pitching: RHP Ronald Wolfe
Batting: RHB Matsudaira Sugahara 0-0: Ball
1-0: Foul Ball, location: 2F
1-1: Swinging Strike
1-2: SINGLE (Groundball, 56D, EV 103.8 MPH)
Batting: LHB Jim Halpert 0-0: Fielders Choice at 2nd, 1-6 (Groundball, 13, EV 65.6 MPH)
Batting: RHB Juan Barrón 0-0: Swinging Strike
0-1: Ball
1-1: Ball
2-1: Ball
3-1: Base on Balls
Jim Halpert to second
Batting: RHB Tristan Eikelenboom 0-0: Called Strike
0-1: Ball
1-1: Grounds into double play, 4-6-3 (Groundball, 4M, EV 103.1 MPH)
Bottom of the 7th over - 0 runs, 1 hit, 0 errors, 1 left on base; Pawnee 3 - Florida 5
TOP OF THE 8TH
Pawnee ParksNRec batting - Pitching for Florida Men : RHP José Barquero
Batting: RHB Igme Padoga 0-0: Fly out, F6 (Flyball, 56D, EV 63.8 MPH)
Batting: RHB Charles Atkinson 0-0: Ball
1-0: Foul Ball, location: 2F
1-1: Called Strike
1-2: Fly out, F8 (Line Drive, 8LM, EV 86.9 MPH)
Batting: RHB Germán Pérez 0-0: Foul Ball, location: 2F
0-1: Ball
1-1: SINGLE (Groundball, 34D, EV 102.5 MPH)
Batting: RHB Ashton Bailey 0-0: Ball
1-0: Called Strike
1-1: Swinging Strike
1-2: Fly out, F8 (Flyball, 89S, EV 90.6 MPH)
Top of the 8th over - 0 runs, 1 hit, 0 errors, 1 left on base; Pawnee 3 - Florida 5
BOTTOM OF THE 8TH
Florida Men batting - Pitching for Pawnee ParksNRec : RHP Ronald Wolfe
Batting: LHB Badry Maksimenov 0-0: Foul Ball, location: 2F
0-1: Ball
1-1: Foul Ball, location: 2F
1-2: Strikes out swinging, 2-3 out at first.
Batting: RHB Pellervo Rintanen 0-0: Ball
1-0: Fly out, F9 (Flyball, 9LM, EV 93.1 MPH)
Batting: LHB Duncan Witteman 0-0: Ball
1-0: Swinging Strike
1-1: Ball
2-1: Called Strike
2-2: Ball
3-2: Foul Ball, location: 2F
3-2: Base on Balls
Batting: LHB Ed Holte 0-0: Foul Ball, location: 2F
0-1: Foul Ball, location: 2F
0-2: Ball
1-2: Strikes out looking
Bottom of the 8th over - 0 runs, 0 hits, 0 errors, 1 left on base; Pawnee 3 - Florida 5
TOP OF THE 9TH
Pawnee ParksNRec batting - Pitching for Florida Men : RHP José Barquero
Pitching: RHP Amadi Azagba
Now at 3B: Henrique de Senna Fernandes
Now in LF: Basava Puri
Batting: RHB Hiroshige Ohashi 0-0: Swinging Strike
0-1: Foul Ball, location: 2F
0-2: Ball
1-2: Ball
2-2: Foul Ball, location: 2F
2-2: Strikes out swinging
Batting: RHB Ken Bone 0-0: Ball
1-0: Ball
2-0: Called Strike
2-1: Ball
3-1: DOUBLE (Line Drive, 9LS, EV 89.4 MPH)
Batting: RHB Peni Ferede 0-0: Called Strike
0-1: Foul Ball, location: 2F
0-2: Strikes out swinging
Pinch Hitting: LHB Alex Avery 0-0: Foul Ball, location: 2F
0-1: Ball
1-1: Foul Ball, location: 2F
1-2: Ball
2-2: Ball
3-2: Base on Balls
Batting: LHB Buddy Patton 0-0: Ball
1-0: Fly out, F6 (Popup, 6, EV 61.9 MPH)
Top of the 9th over - 0 runs, 1 hit, 0 errors, 2 left on base; Pawnee 3 - Florida 5
Tuesday, January 5th, 2021 - OOTP Baseball 20.8 Build 74